 Dungeon Crawl Stone Soup version 0.29.1-13-g9f3cf754e1 (webtiles) character file.

Game seed: 1760591079377760347

15 Ast3rio the Trooper (level 2, 0/27 HPs)
             Began as a Minotaur Fighter on Feb 8, 2023.
             Slain by Terence
             ... wielding a +0 short sword
              (1 damage)
             ... on level 2 of the Dungeon.
             The game lasted 00:03:55 (891 turns).

Ast3rio the Trooper (Minotaur Fighter)               Turns: 891, Time: 00:03:59

Health: 0/27       AC:  7    Str: 20    XL:     2   Next: 34%
Magic:  1/1        EV:  9    Int:  5    God:
Gold:   64         SH:  4    Dex:  9    Spells: 1/1 levels left

rFire   . . .      SeeInvis .   a - +0 long sword
rCold   . . .      Faith    .   c - +0 buckler
rNeg    . . .      Spirit   .   b - +0 scale mail
rPois   .          Reflect  .   (helmet restricted)
rElec   .          Harm     .   (no cloak)
rCorr   .          Rampage  .   (no gloves)
Will    .....                   (no boots)
Stlth   ..........              (no amulet)
HPRegen 0.09/turn               (no ring)
MPRegen 0.07/turn               (no ring)

@: about to teleport
A: horns 2, retaliatory headbutt
a: no special abilities


You were on level 2 of the Dungeon.
You visited 1 branch of the dungeon, and saw 2 of its levels.

You collected 64 gold pieces.

Inventory:

Hand Weapons
 a - a +0 long sword (weapon)
Armour
 b - a +0 scale mail (worn)
 c - a +0 buckler (worn)
Scrolls
 e - 2 scrolls of identify {unknown}
 f - a scroll of teleportation
 g - a scroll of noise {unknown}
 h - a scroll of enchant armour {unknown}
Potions
 d - a potion of might


   Skills:
 + Level 4.1 Fighting
 + Level 2.6 Long Blades
 + Level 3.8 Armour
 + Level 3.8 Shields


You had one spell level left.
You didn't know any spells.
Your spell library was empty.

Dungeon Overview and Level Annotations

Branches:
Dungeon (2/15)

Altars:

Annotations:
D:2 Terence


Innate Abilities, Weirdness & Mutations

You have a pair of horns on your head.
You reflexively headbutt those who attack you in melee.


Message History

The gnoll shouts!
A gnoll comes into view. It is wielding a +0 spear.
The bat hits you but does no damage.
The gnoll moves out of view.
A giant cockroach comes into view.
The bat hits you but does no damage. x2
A gnoll comes into view. It is wielding a +0 whip.
The bat hits you but does no damage. Terence barely misses you.
You furiously retaliate!
You headbutt Terence. You hit Terence but do no damage.
Your headbutt misses Terence.
Terence is lightly wounded.
The bat hits you. Terence hits you with a +0 short sword!
The gnoll hits you from afar with a +0 spear.
You hit Terence but do no damage. You headbutt Terence.
Terence is lightly wounded.
The bat barely misses you. The gnoll closely misses you.
You block the gnoll's attack. You block Terence's attack.
The gnoll hits you but does no damage. Terence hits you with a +0 short sword.
You closely miss Terence.
Terence is lightly wounded.
The bat hits you but does no damage.
The giant cockroach completely misses you.
Terence hits you but does no damage. The gnoll closely misses you.
The giant cockroach barely misses you.
As you read the scroll of teleportation, it crumbles to dust.
You feel strangely unstable. The bat completely misses you.
The bat hits you but does no damage. Terence closely misses you.
The gnoll hits you from afar with a +0 spear.
* * * LOW HITPOINT WARNING * * *
The gnoll hits you with a +0 whip.
* * * LOW HITPOINT WARNING * * *
The gnoll misses you.
The giant cockroach bites you but does no damage.
You completely miss Terence.
Terence is lightly wounded.
The bat hits you but does no damage. The giant cockroach barely misses you.
Terence hits you with a +0 short sword.
* * * LOW HITPOINT WARNING * * *
The gnoll barely misses you. You block the gnoll's attack.
The giant cockroach barely misses you. Terence hits you with a +0 short sword.
You die...

#.#.# #.#># ...
#.#.# ... #.#.# ....
#.#.# .....
#.#.###########.....
#...[......#..g....
#...######..g.g##..#
#...# #....@@.....#
#...# #...B.b......
#...# #...........#
#...# #.........#.#
##### ..........## #
#.........##
#......##.# #......#
..


You could see Terence, 3 gnolls, a giant cockroach and a bat.

Vanquished Creatures
  A worm (D:1)
  2 giant cockroaches (D:1)
  2 goblins (D:1)
  A hobgoblin (D:2)
  A kobold (D:2)
  2 bats (D:1)
  2 frilled lizards (D:1)
  A rat (D:1)
12 creatures vanquished.

Vanquished Creatures (others)
  3 fungi (D:2)
3 creatures vanquished.

Grand Total: 15 creatures vanquished

Notes
Turn   | Place    | Note
-------+----------+-------------------------------------------
     0 | D:1      | Ast3rio the Minotaur Fighter began the quest for the Orb.
     0 | D:1      | Reached XP level 1. HP: 19/19 MP: 0/0
   227 | D:1      | Reached skill level 4 in Fighting
   227 | D:1      | Reached XP level 2. HP: 21/27 MP: 1/1
   882 | D:2      | Noticed Terence
   891 | D:2      | HP: 1/27 [Terence/+0 short sword (5)]
   891 | D:2      | Slain by Terence

Illustrated notes

Levels and vault maps discovered:
D:1:      dpeg_arrival_brainrot, layout_basic
D:2:      layout_loops_ring, shapermc_ecumenical_altar_gd, basic_altar,
          kennysheep_pointless_box, uniq_sigmund, uniq_crazy_yiuf_cottage,
          uniq_terence

Skill      XL: |  1 |
---------------+----+-----
Fighting       | 4 |  4.1
Long Blades    | |  2.6
Armour         | |  3.8
Shields        | |  3.8

Action                   || total
-------------------------++-------
Melee: Long sword        ||    30
       Headbutt          ||     3
  Use: Scroll            ||     2
Armor: Scale mail        ||    29
Dodge: Dodged            ||    25
Block: Buckler           ||     9
